 Dungeon Crawl Stone Soup version 0.31-a0-161-gb58dd9be76 (webtiles) character file.

Game seed: 1721795845249968665

28 garrulousMonolith the Digger (level 3, -2/20 HPs)
             Began as a Gargoyle Earth Elementalist on June 12, 2023.
             Killed by divine providence
             ... invoked by an orc priest
              (8 damage)
             ... on level 2 of the Dungeon.
             The game lasted 00:01:56 (992 turns).

garrulousMonolith the Digger (GrEE)                  Turns: 992, Time: 00:01:56

Health: -2/20      AC:  7    Str: 11    XL:     3   Next: 14%
Magic:  4/6        EV: 11    Int: 17    God:
Gold:   68         SH:  0    Dex: 10    Spells: 0/6 levels left

rFire   . . .        e - +0 spear
rCold   . . .        (no shield)
rNeg    + . .        g - +0 leather armour
rPois   ∞            (no helmet)
rElec   +            (no cloak)
rCorr   .            (no gloves)
SInv    .            c - +0 pair of boots
Will    .....        (no amulet)
Stlth   ++           d - +4 ring of slaying
HPRegen 0.23/turn    (no ring)
MPRegen 0.10/turn

%: no passive effects
@: no status effects
A: sickness immunity, AC +3, negative energy resistance 1, electricity
resistance, torment resistance 1, petrification resistance
a: no special abilities


You were on level 2 of the Dungeon.
You visited 1 branch of the dungeon, and saw 2 of its levels.

You collected 68 gold pieces.

Inventory:

Hand Weapons
 e - a +0 spear (weapon)
Armour
 c - a +0 pair of boots (worn)
 g - a +0 leather armour (worn)
 m - an orb of energy
Jewellery
 d - a +4 ring of slaying (left hand)
Scrolls
 a - a scroll of blinking {unknown}
 n - a scroll of brand weapon {unknown}
 o - a scroll of identify {unknown}
Potions
 b - a potion of magic
 f - a potion of lignification {unknown}
 h - a potion of attraction {unknown}
 i - a potion of cancellation {unknown}
 j - a potion of ambrosia {unknown}
 k - a potion of haste {unknown}
 l - a potion of curing {unknown}


   Skills:
 + Level 0.9 Fighting
 + Level 0.8 Armour
 - Level 1.5 Dodging
 - Level 2.2 Stealth
 + Level 2.1 Spellcasting
 * Level 1.4 Transmutations
 * Level 4.0 Earth Magic


You couldn't memorise any spells.
You knew the following spells:

 Your Spells              Type           Power      Damage    Failure   Level
a - Sandblast             Erth           30%        2d9       4%          1
b - Passwall              Tmut/Erth      9%         N/A       12%         2
c - Stone Arrow           Conj/Erth      16%        3d8       32%         3

Your spell library contained the following spells:

 Spells                   Type           Power      Damage    Failure   Level
 Petrify                  Tmut/Erth      11%        N/A       63%         4
 Dispel Undead            Necr           1%         3d6       94%         4
 Death Channel            Necr           0%         N/A       100%        6
 Cigotuvi's Dreadful Rot  Necr/Pois/Air  Unusable   N/A       N/A         2

Dungeon Overview and Level Annotations

Branches:
Dungeon (2/15)

Altars:

Annotations:
D:1 exclusion: downstairs


Innate Abilities, Weirdness & Mutations

You are immune to sickness and miasma.
Your stone body is resilient. (AC +3)
You are immune to poison.
You resist negative energy. (rN+)
You are resistant to electric shocks. (rElec)
You are resistant to unholy torment.
You are immune to petrification.


Message History

Press: ? - help, Shift-Dir - straight line, f - ball python
Aim: a ball python (asleep, 100% to hit)
The blast of sand hits the ball python.
You kill the ball python!
Casting: Sandblast (safe; 4% risk of failure)
Confirm with . or Enter, or press ? or * to list all spells.
You can't see any susceptible monsters within range! (Use Z to cast anyway.)
Casting: Sandblast (safe; 4% risk of failure)
Confirm with . or Enter, or press ? or * to list all spells.
You can't see any susceptible monsters within range! (Use Z to cast anyway.) Magic restored.
You now have 61 gold pieces (gained 12).
You now have 68 gold pieces (gained 7).
An orc is nearby!
The orc shouts!
You hear a shout! x2
You see here a scroll labelled HAACUT RIENG.
o - a scroll labelled HAACUT RIENG
Casting: Sandblast (safe; 4% risk of failure)
Confirm with . or Enter, or press ? or * to list all spells.
Aiming: Sandblast (safe; 4% risk of failure)
Press: ? - help, Shift-Dir - straight line, f - orc
Aim: an orc, wielding a +0 hand axe (82% to hit)
The blast of sand hits the orc!
You kill the orc!
The orc priest shouts!
The orc priest invokes the aid of Beogh against you.
Beogh smites you!
Ouch! That really hurt!
* * * LOW HITPOINT WARNING * * *
You hear a shout!
Casting: Sandblast (safe; 4% risk of failure)
Confirm with . or Enter, or press ? or * to list all spells.
Aiming: Sandblast (safe; 4% risk of failure)
Press: ? - help, Shift-Dir - straight line, f - orc
Aim: an orc, wielding a +0 dagger and wearing a +0 leather armour (82% to hit)
The blast of sand hits the orc!
You kill the orc!
The orc priest calls down the wrath of Beogh upon you.
Beogh smites you!
You die...

. .##........#
.............#
.#o........#
.).......(#####
###)...........#
#.....#........#
#####.#....###.....#
....$....>.........####
###.#<#@...##.......#
.. ###.....#.#####.# #
#.......#.# #.#
#.#.....#.#####.#
#.##..#.#.#.....# #
#....#.#.#####
.........#
###...#.#.##### .#
#.............#


You could see an orc priest.

Vanquished Creatures
  2 dart slugs (D:1)
  2 orcs (D:2)
  3 ball pythons
  A giant cockroach (D:1)
  2 goblins (D:1)
  A hobgoblin (D:1)
  5 kobolds (D:1)
  2 quokkas (D:1)
  2 bats (D:1)
  A rat (D:1)
21 creatures vanquished.

Notes
Turn   | Place    | Note
-------+----------+-------------------------------------------
     0 | D:1      | garrulousMonolith the Gargoyle Earth Elementalist began the
                  | quest for the Orb.
     0 | D:1      | Reached XP level 1. HP: 10/10 MP: 3/3
   122 | D:1      | Reached skill level 1 in Transmutations
   168 | D:1      | Reached XP level 2. HP: 16/16 MP: 3/5
   171 | D:1      | Learned a level 2 spell: Passwall
   480 | D:1      | Reached skill level 4 in Earth Magic
   619 | D:1      | Reached XP level 3. HP: 16/20 MP: 2/6
   623 | D:1      | Learned a level 3 spell: Stone Arrow
   992 | D:2      | Killed from afar by an orc priest

Illustrated notes

Levels and vault maps discovered:
D:1:      minmay_arrival_glassed_features, layout_basic, minmay_distorted
D:2:      layout_basic, hellmonk_ecumenical_altar_pennies_from_heaven,
          minmay_liquid_box

Skill      XL: |  1  2 |
---------------+-------+-----
Transmutations | 1 |  1.4
Earth Magic    | 4 |  4.0
Fighting       | |  0.9
Armour         | |  0.8
Dodging        | |  1.5
Stealth        | |  2.2
Spellcasting   | |  2.1

Action                     || total
---------------------------++-------
  Melee: Spear             ||    14
   Cast: Sandblast         ||    24
 Armour: Leather armour    ||     8
  Dodge: Dodged            ||    21

Table legend: (Time is in decaauts)
 A = Elapsed time spent in this place.
 B = Non-inter-level travel time spent in this place.
 C = Inter-level travel time spent in this place.
 D = Time resting spent in this place.
 E = Time spent auto-exploring this place.
 F = Levels seen in this place.
 G = Mean time per level.
                   A        B        C        D        E       F      G
               +--------+--------+--------+--------+--------+-----+--------+
         Total |   1004 |    955 |     49 |     71 |    680 |   2 |  502.0 |
       Dungeon |   1004 |    955 |     49 |     71 |    680 |   2 |  502.0 |
               +--------+--------+--------+--------+--------+-----+--------+

Top non-repeatable levels by time:
     D:1: 900 daAuts
     D:2: 103 daAuts
